 Dungeon Crawl Stone Soup version 0.26-a0-660-gc07710193c (console) character file.

Game seed: 2752684490135843706

15774 om the Immaculate (level 12, -7/101 HPs)
             Began as a Minotaur Fighter on Oct 7, 2020.
             Was a High Priest of Zin.
             Mangled by an ice devil (22 damage)
             ... in an ice cave.
             The game lasted 00:28:54 (13888 turns).

om the Immaculate (Minotaur Fighter)               Turns: 13888, Time: 00:28:54

Health: -7/101     AC: 15    Str: 28    XL:     12   Next: 4%
Magic:  20/20      EV: 11    Int:  5    God:    Zin [*****.]
Gold:   407        SH: 10    Dex: 12    Spells: 11/11 levels left

rFire    . . .     SeeInvis .   a - +0 war axe
rCold    . . .     Faith    .   c - +0 kite shield
rNeg     . . .     Spirit   .   w - +5 scale mail of the Sea {rElec Str+4}
rPois    .         Reflect  .   (helmet restricted)
rElec    +         Harm     .   p - +0 cloak
rCorr    +         Rampage  .   v - +0 pair of gloves
MR       .....                  (no boots)
Stlth    +.........             G - amulet of regeneration
HPRegen  0.66/turn              D - ring of resist corrosion
MPRegen  0.17/turn              E - ring of stealth

@: no status effects
A: retaliatory headbutt, horns 2
a: Recite, Vitalisation, Imprison, Sanctuary, Donate Gold, Renounce Religion


You were in an ice cave.
You worshipped Zin.
Zin was extremely pleased with you.
You visited 1 branch of the dungeon, and saw 11 of its levels.
You also visited: Sewer and Ice Cave.

You collected 674 gold pieces.
You donated 267 gold pieces to Zin.

Inventory:

Hand Weapons
 a - a +0 war axe (weapon)
 m - a +1 morningstar of distortion
 F - a +4 vorpal hunting sling
Missiles
 J - 73 sling bullets
Armour
 c - a +0 kite shield (worn)
 p - a +0 cloak (worn)
 v - a +0 pair of gloves (worn)
 w - the +5 scale mail of the Sea (worn) {rElec Str+4}
   (You found it on level 4 of the Dungeon)

   It affects your strength (+4).
   It insulates you from electricity.
 C - +2 steam dragon scales
Jewellery
 D - a ring of resist corrosion (left hand)
 E - a ring of stealth (right hand)
 G - an amulet of regeneration (around neck)
Wands
 h - a wand of acid (4)
 r - a wand of iceblast (19)
 A - a wand of digging (7)
 H - a wand of flame (77)
 I - a wand of paralysis (8)
Scrolls
 b - 3 scrolls of fog
 d - 4 scrolls of teleportation
 e - 3 scrolls of magic mapping
 f - 3 scrolls of enchant armour
 q - a scroll of holy word {unknown}
 t - a scroll of blinking
 u - 3 scrolls of fear {unknown}
 x - a scroll of immolation {unknown}
 y - 2 scrolls of remove curse
 z - a scroll of amnesia {unknown}
 B - a scroll of noise {unknown}
 K - a scroll of enchant weapon {unknown}
Potions
 g - 2 potions of stabbing
 i - 5 potions of flight
 j - 2 potions of ambrosia
 k - a potion of berserk rage
 n - 2 potions of degeneration {unknown}
 o - 2 potions of cancellation {unknown}
 s - 3 potions of magic
 L - a potion of haste {unknown}


   Skills:
 - Level 8.0 Fighting
 * Level 11.1 Axes
 - Level 6.0 Slings
 - Level 6.0 Armour
 - Level 6.0 Dodging
 - Level 4.0 Shields
 - Level 12.0 Invocations
 - Level 6.0 Evocations


You had 11 spell levels left.
You didn't know any spells.
Your spell library contained the following spells:

 Spells                   Type           Power        Failure   Level
 Animate Skeleton         Necr           #.....       99%         1
 Beastly Appendage        Tmut           #.....       99%         1
 Magic Dart               Conj           #...         99%         1
 Pain                     Necr           #...         99%         1
 Summon Small Mammal      Summ           #...         99%         1
 Call Imp                 Summ           #.......     100%        2
 Searing Ray              Conj           #.....       100%        2
 Wereblood                Tmut           #.......     100%        2
 Call Canine Familiar     Summ           #.......     100%        3
 Dazzling Flash           Conj/Hex       #.....       100%        3
 Spider Form              Tmut/Pois      #.........   100%        3
 Summon Guardian Golem    Hex/Summ       #.......     100%        3
 Vampiric Draining        Necr           #.........   100%        3
 Animate Dead             Necr           #.........   100%        4
 Fulminant Prism          Conj/Hex       #.........   100%        4
 Ice Form                 Ice/Tmut       #.......     100%        4
 Iskenderun's Mystic Bla  Conj/Tloc      #.......     100%        4
 Summon Ice Beast         Ice/Summ       #.......     100%        4
 Summon Lightning Spire   Summ/Air       #.......     100%        4
 Agony                    Necr           #.......     100%        5
 Blade Hands              Tmut           #.........   100%        5


Dungeon Overview and Level Annotations

Branches:
Dungeon (11/15)            Temple (0/1) D:7            Lair (0/6) D:9
    Orc (0/2) D:10          Sewer (visited)           IceCv (1/1)

Altars:
Cheibriados
Fedhas
Gozag
Kikubaaqudgha
Makhleb
Nemelex Xobeh
Uskayaw
The Shining One

Shops:
D:5 *


Innate Abilities, Weirdness & Mutations

You reflexively headbutt those who attack you in melee.
You have a pair of horns on your head.


Message History

The ice devil is dazed by your recitation.
You are too injured to fight recklessly!
You are too injured to fight recklessly!
You hit the ice devil but do no damage.
The ice devil is severely wounded. "...profanity, and thus judgement was rendered."
The ice devil stumbles about in disarray.
You finish reciting Anathema 26:24.
You block the ice devil's attack.
The ice devil hits the ice devil but does no damage.
You slice the ice devil!!
You kill the ice devil!
You hit the ice devil but do no damage. x2; You block the ice devil's attack.
The ice devil hits you.
* * * LOW HITPOINT WARNING * * *
The ice devil freezes you!
* * * LOW HITPOINT WARNING * * *
You feel much better. The ice devil hits you!
* * * LOW HITPOINT WARNING * * *
The ice devil freezes you!!
You die...

......⌠.......#
..............#
..............#
4............#
...4.........
#..........
#.....# #...#
#...## ##4.4#
##@..# #...##
##...##
##.....##
#...∩...#
#...∩...#
##.....##
##...## #####


You could see 3 ice devils.

Vanquished Creatures
  Harold (D:10)
  2 two-headed ogres
  Nergalle (D:10)
  Pikel (D:7)
  Joseph (D:8)
  A rust devil (D:10)
  Psyche (D:10)
  Maggie (D:6)
  A gargoyle (D:10)
  An orange demon (D:10)
  A komodo dragon (D:10)
  An ice devil (IceCv)
  Grinder (D:3)
  2 wraiths (D:10)
  Sigmund (D:4)
  12 yaks
  2 wyverns
  Grum (D:10)
  2 basilisks
  A warg (D:10)
  Duvessa (D:3)
  4 water moccasins
  9 orc warriors
  2 sky beasts
  3 ice beasts (D:8)
  An eye of draining (D:9)
  4 ogres
  A phantom (D:4)
  4 black bears
  2 wolves
  3 centaurs
  3 lemures (D:7)
  2 big kobolds
  10 bullfrogs
  4 scorpions
  Dowan (D:4)
  4 killer bees (D:10)
  7 wights
  2 howler monkeys
  A centaur zombie (D:9)
  A quasit (D:8)
  Crazy Yiuf (D:2)
  A bullfrog zombie (D:7)
  6 hounds
  11 iron imps (D:10)
  4 orc priests
  14 orc wizards
  A centaur skeleton (D:7)
  3 jellies
  5 bullfrog skeletons
  6 iguanas
  Ijyb (D:3)
  Terence (D:3)
  Natasha (thrice) (D:1)
  9 worker ants
  A hound zombie (D:5)
  2 hound skeletons
  A worker ant zombie (D:8)
  Robin (D:2)
  4 gnolls (D:2)
  18 adders
  A river rat (Sewer)
  4 shadow imps
  15 white imps
  An ufetubus (D:7)
  An adder skeleton (D:5)
  10 worms
  2 dart slugs (D:5)
  2 leopard geckos
  43 orcs
  3 giant cockroaches
  17 goblins
  8 hobgoblins
  26 jackals
  14 kobolds
  3 quokkas
  6 ball pythons
  A ball python zombie (D:5)
  9 bats
  A frilled lizard (D:1)
  A jackal zombie (D:5)
  A quokka skeleton (D:6)
  16 rats
382 creatures vanquished.

Vanquished Creatures (collateral kills)
  A wolf (D:10)
1 creature vanquished.

Vanquished Creatures (others)
  A rat (D:3)
  A fungus (D:9)
  15 plants (D:9)
  5 withered plants (D:4)
22 creatures vanquished.

Grand Total: 405 creatures vanquished

Notes
Turn   | Place    | Note
-------+----------+-------------------------------------------
     0 | D:1      | om the Minotaur Fighter began the quest for the Orb.
     0 | D:1      | Reached XP level 1. HP: 19/19 MP: 0/0
   313 | D:1      | Reached XP level 2. HP: 27/27 MP: 1/1
   902 | D:2      | Noticed Natasha
   904 | D:2      | Noticed Robin
   905 | D:2      | Reached XP level 3. HP: 29/33 MP: 2/2
   907 | D:2      | Reached skill level 1 in Dodging
   919 | D:1      | Killed Natasha
  1104 | D:1      | Noticed Natasha
  1115 | D:1      | Killed Natasha
  1115 | D:1      | Reached XP level 4. HP: 38/40 MP: 3/3
  1549 | D:1      | Noticed Natasha
  1557 | D:1      | Killed Natasha
  1872 | D:2      | Killed Robin
  1880 | D:2      | Reached XP level 5. HP: 36/46 MP: 4/4
  1897 | D:2      | Reached skill level 5 in Axes
  2527 | D:2      | Found a burning altar of Makhleb.
  2868 | D:2      | Reached XP level 6. HP: 48/53 MP: 5/5
  2935 | D:2      | Found a sparkling altar of Nemelex Xobeh.
  3012 | D:2      | Found a runed translucent door.
  3013 | D:2      | Noticed Crazy Yiuf
  3231 | D:2      | Killed Crazy Yiuf
  3327 | D:2      | Reached skill level 5 in Fighting
  3332 | D:2      | HP: 2/56 [orc wizard/magic dart (11)]
  3742 | D:3      | Noticed Ijyb
  3952 | D:3      | Killed Ijyb
  4052 | D:3      | Found a blossoming altar of Fedhas.
  4055 | D:3      | Noticed Terence
  4059 | D:3      | Killed Terence
  4661 | D:3      | Reached XP level 7. HP: 56/61 MP: 6/6
  4886 | D:4      | Noticed Grinder
  4969 | D:4      | Found a glowing drain.
  4971 | D:4      | Got a scorched scale mail
  4984 | Sewer    | Entered a sewer
  5004 | Sewer    | Identified the +5 scale mail of the Sea {rElec Str+4} (You
                  | found it on level 4 of the Dungeon)
  5111 | Sewer    | Found a glowing silver altar of Zin.
  5195 | Sewer    | Became a worshipper of Zin the Law-Giver
  5195 | Sewer    | Reached * piety under Zin
  5244 | D:4      | Noticed Dowan
  5246 | D:4      | Noticed Duvessa
  5261 | D:4      | Killed Dowan
  5262 | D:4      | Paralysed by Grinder for 7 turns
  5274 | D:3      | Killed Duvessa
  5284 | D:3      | Paralysed by Grinder for 2 turns
  5286 | D:3      | Killed Grinder
  5286 | D:3      | Reached skill level 5 in Armour
  5430 | D:4      | Reached XP level 8. HP: 61/70 MP: 7/7
  5635 | D:4      | Reached skill level 1 in Invocations
  5720 | D:4      | Found an ancient bone altar of Kikubaaqudgha.
  5873 | D:5      | Entered Level 5 of the Dungeon
  5873 | D:5      | Noticed Sigmund
  5881 | D:4      | Killed Sigmund
  5881 | D:4      | Reached skill level 3 in Invocations
  5936 | D:5      | Reached skill level 4 in Invocations
  6071 | D:5      | Donated 112 gold pieces to Zin
  6107 | D:5      | Reached ** piety under Zin
  6280 | D:5      | Reached skill level 5 in Invocations
  6459 | D:5      | Found Banax's Lightly-Used Armoury.
  6596 | D:5      | Reached skill level 6 in Invocations
  6602 | D:5      | Found a sparkling altar of Nemelex Xobeh.
  7685 | D:6      | Reached XP level 9. HP: 74/75 MP: 13/13
  7722 | D:6      | Reached skill level 7 in Invocations
  8050 | D:6      | Donated 88 gold pieces to Zin
  8060 | D:6      | Noticed Maggie
  8072 | D:6      | Killed Maggie
  8072 | D:6      | Reached skill level 8 in Invocations
  8640 | D:6      | Reached skill level 9 in Invocations
  9237 | D:7      | Reached *** piety under Zin
  9264 | D:7      | Reached skill level 10 in Invocations
  9267 | D:7      | Noticed Pikel
  9284 | D:7      | Killed Pikel
  9335 | D:7      | Reached XP level 10. HP: 83/83 MP: 16/16
  9405 | D:7      | Found a staircase to the Ecumenical Temple.
  9574 | D:7      | Found a hide-covered altar of Uskayaw.
 10049 | D:8      | Reached **** piety under Zin
 10186 | D:8      | Noticed Joseph
 10205 | D:8      | Killed Joseph
 10205 | D:8      | Reached skill level 11 in Invocations
 10527 | D:8      | Found a glowing golden altar of the Shining One.
 10528 | D:8      | Found a snail-covered altar of Cheibriados.
 10530 | D:8      | Found an opulent altar of Gozag.
 10564 | D:8      | Noticed a two-headed ogre
 10578 | D:8      | Killed a two-headed ogre
 11130 | D:9      | Reached skill level 5 in Slings
 11275 | D:9      | Found a staircase to the Lair.
 11294 | D:9      | Reached XP level 11. HP: 92/92 MP: 18/18
 11311 | D:9      | Reached ***** piety under Zin
 11489 | D:8      | Reached skill level 12 in Invocations
 11524 | D:8      | Reached skill level 1 in Evocations
 11756 | D:9      | Noticed a two-headed ogre
 11771 | D:9      | Killed a two-headed ogre
 12330 | D:10     | Entered Level 10 of the Dungeon
 12423 | D:10     | Noticed Nergalle
 12458 | D:10     | Killed Nergalle
 12458 | D:10     | Reached skill level 5 in Evocations
 12611 | D:10     | Found a staircase to the Orcish Mines.
 13130 | D:10     | Found a burning altar of Makhleb.
 13130 | D:10     | Noticed Grum
 13150 | D:10     | Killed Grum
 13373 | D:10     | Reached skill level 10 in Axes
 13429 | D:10     | Noticed Psyche
 13431 | D:10     | Noticed Harold
 13463 | D:10     | Killed Psyche
 13477 | D:10     | Killed Harold
 13477 | D:10     | Reached XP level 12. HP: 31/101 MP: 20/20
 13791 | D:11     | Found a frozen archway.
 13815 | IceCv    | Entered an ice cave
 13887 | IceCv    | HP: 3/101 [ice devil (16)]
 13888 | IceCv    | Mangled by an ice devil

Illustrated notes

Levels and vault maps discovered:
D:1:      lordsloth_arrival_two_stooges, layout_basic
D:2:      layout_basic, makhleb_heckhound_becter, minmay_misc_feat_encased,
          nemelex_lonely_heart_becter, uniq_natasha, uniq_robin,
          uniq_crazy_yiuf_cottage
D:3:      layout_basic, minmay_misc_feat_rugged, fedhas_ov_isle_minmay,
          uniq_ijyb, uniq_terence
D:4:      layout_cave_pools, kiku_gazebo_garden_becter,
          cheibrodos_sewer_entry_sluice, minmay_misc_feat_alley, uniq_duvessa,
          uniq_grinder
D:5:      layout_layer_cave, nemelex_xobeh_ov_fountains_minmay,
          minmay_shop_damaged, uniq_sigmund
D:6:      layout_gridville, uniq_maggie
D:7:      layout_basic, marbit_many_paths, minmay_temple_entry_grid, uniq_pikel
D:8:      layout_basic, grunt_temple_overflow_open, uniq_joseph
D:9:      layout_grid_maze, minmay_lair_entry_grove
D:10:     layout_basic, david_orc_3, lemuel_hellish_altar, uniq_grum,
          uniq_harold, uniq_psyche, uniq_nergalle
D:11:     regret_index_combs_of_tragedy, layout_long_grid, serial_shops,
          nicolae_shop_trees, portal_ice_cave_entry_imps, kennysheep_crisscross
IceCv:    ice_cave_tombish

Skill      XL: |  1  2  3  4  5  6  7  8  9 10 11 12 |
---------------+-------------------------------------+-----
Fighting       | 4 5 6 7 8 |  8.0
Axes           | 3 4 5 6 8 10 11 | 11.1
Dodging        | 2 4 6 |  6.0
Armour         | 4 5 6 |  6.0
Shields        | 4 |  4.0
Invocations    | 6 10 11 12 | 12.0
Slings         | 6 |  6.0
Evocations     | 6 |  6.0

Action                   |  1- 3 |  4- 6 |  7- 9 | 10-12 || total
-------------------------+-------+-------+-------+-------++-------
Melee: War axe           |    70 |   188 |   326 |   506 ||  1090
       Headbutt          |     5 |    29 |    64 |   120 ||   218
       Unarmed           |       |       |       |     8 ||     8
 Fire: Hunting sling     |       |       |       |    16 ||    16
Invok: Recite            |       |       |    13 |    26 ||    39
       Donate Gold       |       |       |     2 |       ||     2
       Vitalisation      |       |       |       |     2 ||     2
Evoke: Wand              |       |       |       |     6 ||     6
  Use: Scroll            |       |     3 |     9 |     5 ||    17
       Potion            |       |     1 |     4 |     8 ||    13
 Stab: Invisible         |       |       |     3 |     8 ||    11
       Confused          |       |       |     1 |     6 ||     7
       Paralysed         |       |       |       |     2 ||     2
Armor: Scale mail        |    36 |    60 |   161 |   258 ||   515
Dodge: Dodged            |    22 |    76 |   100 |   258 ||   456
Block: Kite shield       |    34 |   109 |   160 |   348 ||   651

Table legend: (Time is in decaauts)
 A = Elapsed time spent in this place.
 B = Non-inter-level travel time spent in this place.
 C = Inter-level travel time spent in this place.
 D = Time resting spent in this place.
 E = Time spent auto-exploring this place.
 F = Levels seen in this place.
 G = Mean time per level.
                   A        B        C        D        E       F      G
               +--------+--------+--------+--------+--------+-----+--------+
         Total |  14202 |  13658 |    544 |   2113 |   8624 |  13 | 1092.5 |
       Dungeon |  13858 |  13314 |    544 |   2113 |   8429 |  11 | 1259.8 |
         Sewer |    270 |    270 |      0 |      0 |    143 |   1 |  270.0 |
      Ice Cave |     73 |     73 |      0 |      0 |     51 |   1 |   73.0 |
               +--------+--------+--------+--------+--------+-----+--------+

Top non-repeatable levels by time:
     D:1: 2043 daAuts
     D:2: 1827 daAuts
     D:5: 1811 daAuts
    D:10: 1511 daAuts
     D:8: 1408 daAuts
     D:6: 1213 daAuts
     D:3: 1147 daAuts
     D:7: 1077 daAuts
     D:9: 1040 daAuts
     D:4: 748 daAuts
   Sewer: 270 daAuts
   IceCv: 73 daAuts
    D:11: 27 daAuts
